 Dungeon Crawl Stone Soup version 0.25-a0-670-g50981ef59b (webtiles) character file.

Game seed: 176307093236946, levelgen mode: deterministic

7 Amnesiac the Chiller (level 1, 0/10 HPs)
             Began as a Deep Elf Ice Elementalist on Mar 29, 2020.
             Killed from afar by a dart slug (5 damage)
             ... with a slug dart
             ... on level 1 of the Dungeon.
             The game lasted 00:00:27 (273 turns).

Amnesiac the Chiller (Deep Elf Ice Elementalist)     Turns: 273, Time: 00:00:27

Health: 0/10       AC:  2    Str:  5    XL:     1   Next: 83%
Magic:  6/6        EV: 13    Int: 19    God:
Gold:   25         SH:  0    Dex: 15    Spells: 5/6 levels left

rFire    . . .     SeeInvis .   a - +1 dagger (venom)
rCold    . . .     Gourm    .   (no shield)
rNeg     . . .     Faith    .   f - +0 robe
rPois    .         Spirit   .   (no helmet)
rElec    .         Reflect  .   (no cloak)
rCorr    .         Harm     .   (no gloves)
MR       .....                  (no boots)
Stlth    ++........             (no amulet)
HPRegen  0.03/turn              (no ring)
MPRegen  0.10/turn              (no ring)

@: no status effects
A: no striking features
a: no special abilities


You were on level 1 of the Dungeon.
You were not hungry.

You visited 1 branch of the dungeon, and saw 1 of its levels.

You collected 25 gold pieces.

Inventory:

Hand Weapons
 a - a +1 dagger of venom (weapon)
Armour
 f - a +0 robe (worn)
Scrolls
 b - a scroll of remove curse {!r, unknown}
 e - a scroll of identify {!r, unknown}
Comestibles
 c - a ration
 d - 4 chunks of flesh


   Skills:
 - Level 2.4 Dodging
 - Level 2.4 Stealth
 + Level 3.2 Spellcasting
 * Level 4.7 Ice Magic


You had 5 spell levels left.
You knew the following spells:

 Your Spells              Type           Power        Failure   Level  Hunger
a - Freeze                Ice            ###.         2%          1    None

Your spell library contained the following spells:

 Spells                   Type           Power        Failure   Level  Hunger
 Frozen Ramparts          Ice            ###...       6%          3    ###....
 Ozocubu's Armour         Chrm/Ice       ##......     17%         3    ###....
 Hailstorm                Conj/Ice       ##......     50%         4    ####...
 Summon Ice Beast         Ice/Summ       ##......     50%         4    ####...


Dungeon Overview and Level Annotations

Branches:
Dungeon (1/15)

Altars:


Message History

d - 5 chunks of flesh (gained 3)
Things that are here:
a +0 ring mail; a goblin skeleton
Things that are here:
a +0 ring mail; a goblin skeleton
Found a club.
A goblin comes into view. It is wielding a +0 dagger.
A goblin is nearby!
Your +1 dagger of venom begins to drip with poison!
a - a +1 dagger of venom (weapon)
No target in view!
No target in view!
No target in view!
A goblin is nearby!
A goblin is nearby!
The goblin shouts!
The goblin hits you with a +0 dagger.
You closely miss the goblin. The goblin hits you with a +0 dagger.
Ouch! That really hurt!
* * * LOW HITPOINT WARNING * * *
You barely miss the goblin. The goblin closely misses you.
Unknown command.
Casting: Freeze (safe; 2% risk of failure)
Confirm with . or Enter, or press ? or * to list all spells.
Aiming: Freeze (safe; 2% risk of failure)
Press: ? - help, Shift-Dir - straight line, f - goblin
Aim: a goblin, wielding a +0 dagger You freeze the goblin!
You kill the goblin!
Unknown command.
You start resting.
Magic restored.
You start resting.
Some of the chunks of flesh in your inventory have rotted away.
A bat comes into view.
A bat is nearby!
A dart slug comes into view.
Found a stone staircase leading down.
The bat barely misses you.
You barely miss the bat. The bat hits you.
* * * LOW HITPOINT WARNING * * *
The bat barely misses you.
You hit the bat.
The bat is poisoned.
The bat is moderately wounded.
The bat closely misses you.
You closely miss the bat.
The bat is severely wounded.
The bat completely misses you. The bat hits you but does no damage.
You hit the bat.
You kill the bat!
The dart slug launches a dart at you. The slug dart misses you.
Found a scroll labeled HEEZXE ZAOQEK.
You see here a bat corpse.
Found 10 gold pieces.
You hit the dart slug.
The dart slug is poisoned.
The dart slug is lightly wounded.
The dart slug barely misses you.
You completely miss the dart slug.
The dart slug is severely wounded.
The dart slug launches a dart at you. The slug dart hits you.
Ouch! That really hurt!
You die...

# # #. ###### #.##
.....# ..# +# ####.# #.#
... ####.## #.## ....
......# #..## .....
####..#####...####......
#...........†@w..>...
#.)#####...####......
#..# #..## ...?$ #..#
#)## .... ..## .... ...
#### .##.## '# # #.# #
#.# #..


You could see a dart slug.

Vanquished Creatures
  A bat (D:1)
  3 goblins (D:1)
  A kobold (D:1)
  A rat (D:1)
6 creatures vanquished.

Notes
Turn   | Place    | Note
-------+----------+-------------------------------------------
     0 | D:1      | Amnesiac the Deep Elf Ice Elementalist began the quest for
                  | the Orb.
     0 | D:1      | Reached XP level 1. HP: 10/10 MP: 6/6
   273 | D:1      | Killed from afar by a dart slug

Levels and vault maps discovered:
D:1:      dpeg_arrival_tiny_d, layout_loops_corners

Action                   || total
-------------------------++-------
Melee: Dagger            ||     8
 Cast: Freeze            ||     6
Armor: Robe              ||     1
Dodge: Dodged            ||     9

Table legend:
 A = Non-vault XP
 B = Vault XP
 C = Vault XP percentage of total XP
 D = Non-vault monster count
 E = Vault monster count
 F = Vault count percentage of total count
                 A         B        C        D         E       F
            +---------+---------+-------+---------+---------+-------
      Total |      10 |       0 |   0.0 |       6 |       0 |   0.0
            +---------+---------+-------+---------+---------+-------
        D:1 |      10 |       0 |   0.0 |       6 |       0 |   0.0
            +---------+---------+-------+---------+---------+-------
